AoeStats
← GM.Matheus

Golden Pit

508458024Analyzed
1v1 RM · 10d ago on Sep 22, 2026· 50m 49s· 2 players
Game mode
Random Map
Map size
Tiny (2 player)
Population
200
Speed
Normal
Resources
Standard
Victory
Conquest
Starting age
Dark Age
Ending age
Imperial Age
RankedLock teamsTeams togetherTeam positionsShared explorationLock speedFull tech treeHidden civsTurbo modeCheats
Victory
Defeat
🇧🇷 Cumans · Brazil
1071
+15
🇺🇸 Franks · United States
1041
-15
aextropical#0420
6:56 Loom
10:00 Feudal Age
10:35 Double-Bit Axe
19:10 Castle Age
18:06 Forging
22:31 Scale Barding Armor
23:23 Husbandry
29:05 Wheelbarrow
37:57 Iron Casting
37:38 Squires
38:32 Bow Saw
40:02 Scale Mail Armor
40:24 Fletching
41:31 Chain Mail Armor
45:12 Imperial Age
42:36 Gold Mining
42:46 Stone Mining
43:40 Hand Cart
43:21 Town Watch
44:22 Chain Barding Armor
45:12 Gold Shaft Mining
46:58 Murder Holes
47:38 #83
49:08 Blast Furnace
48:07 Cavalier
49:33 Plate Mail Armor
GM.Matheus
10:18 Feudal Age
8:33 Loom
21:33 Castle Age
21:30 Forging
21:14 Gold Mining
21:11 Double-Bit Axe
21:08 Horse Collar
21:40 Scale Mail Armor
21:43 Pikeman
22:36 Fletching
25:20 Squires
26:16 Town Watch
27:07 Wheelbarrow
26:30 Stone Mining
35:42 Bow Saw
35:35 Heavy Plow
36:42 Bloodlines
37:22 Scale Barding Armor
38:07 Town Patrol
44:06 Imperial Age
42:45 Chain Barding Armor
43:27 Hand Cart
43:26 Murder Holes
44:13 Iron Casting
44:48 Gold Shaft Mining
45:46 Conscription
44:49 Elite Steppe Lancer
46:06 Plate Barding Armor
51:33 Two-Man Saw
Connection lost

Rejoining the realm…

Still unreachable

The connection could not be restored.

Session expired

The server has moved on; the page needs a fresh start.